 Dungeon Crawl Stone Soup version 0.20-a0-640-g62ed22f (webtiles) character file.

2149 Chiseanne the Skirmisher (level 9, -1/74 HPs)
             Began as a Barachian Wanderer on Feb 12, 2017.
             Was an Initiate of Gozag.
             Splashed by a jelly's acid (8 damage)
             ... on level 6 of the Dungeon.
             The game lasted 00:21:29 (6910 turns).

Chiseanne the Skirmisher (Barachian Wanderer)       Turns: 6910, Time: 00:21:29

Health: -1/74      AC: -4    Str: 11    XL:     9   Next: 31%
Magic:  9/9        EV: 14    Int:  8    God:    Gozag
Gold:   308        SH: 11    Dex: 15    Spells: 8/8 levels left

rFire    . . .     SeeInvis +   a - +7 dagger
rCold    . . .     Gourm    .   k - +2 leather armour
rNeg     + . .     Faith    .   p - +0 shield
rPois    .         Spirit   .   q - +1 helmet
rElec    .         Reflect  +   b - +1 cloak
rCorr    .         Harm     .   x - +1 pair of gloves
MR       .....                  (no boots)
Stlth    ++........             r - +2 amulet of reflection
Regen    0.3/turn               w - ring of positive energy
MPRegen  0.2/turn               e - ring of see invisible

@: corroded, slow
A: swims, slowness 1, strong legs 1
a: Hop, Potion Petition, Call Merchant, Bribe Branch, Renounce Religion


You were on level 6 of the Dungeon.
You worshipped Gozag.
Gozag was aware of your devotion.
You were full.

You visited 2 branches of the dungeon, and saw 7 of its levels.

You collected 444 gold pieces.
You spent 20 gold pieces at shops.
You paid 116 gold pieces to Gozag.

Inventory:

Hand Weapons
 a - a +7 dagger (weapon)
 s - a +2 mace of protection
Missiles
 h - 84 sling bullets
 j - a tomahawk
 m - 299 stones (quivered)
 u - 68 bolts
 v - 36 poisoned needles
Armour
 b - a +1 cloak (worn)
 k - a +2 leather armour (worn)
 p - a +0 shield (worn)
 q - a +1 helmet (worn)
 x - a +1 pair of gloves (worn)
Magical Staves
 D - an uncursed staff of energy
Jewellery
 e - a ring of see invisible (left hand)
 r - a +2 amulet of reflection (around neck)
 w - a ring of positive energy (right hand)
 A - a +3 ring of strength {unknown}
Wands
 c - a wand of random effects (15/48)
Scrolls
 i - a scroll of blinking
 t - 3 scrolls of remove curse
 y - 2 scrolls of identify
 B - a scroll of enchant weapon
 C - a scroll of silence
Potions
 l - 3 potions of resistance
 o - 2 potions of flight
 z - a potion of curing
Comestibles
 d - 2 meat rations
 f - 4 bread rations
 n - 2 royal jellies


   Skills:
 * Level 7.8 Fighting
 - Level 2.4 Short Blades
 - Level 1.0 Staves
 - Level 3.2 Armour
 * Level 7.2 Dodging
 - Level 1.0 Stealth
 * Level 6.2 Shields
 - Level 1.0 Evocations


You had 8 spell levels left.
You didn't know any spells.

Dungeon Overview and Level Annotations

Branches:
Dungeon (6/15)             Temple (1/1) D:5

Altars:
Ashenzari
Cheibriados
Dithmenos
Elyvilon
Fedhas
Gozag
Hepliaklqana
Kikubaaqudgha
Makhleb
Nemelex Xobeh
Okawaru
Qazlal
Ru
Sif Muna
Trog
Uskayaw
Vehumet
Xom
Yredelemnul
Zin
The Shining One

Shops:
D:4 [*(%


Innate Abilities, Weirdness & Mutations

You can swim through water.
You cover ground slowly.
You can hop short distances.


Message History

The jelly is almost dead.
You block the jelly's attack.
You hit the jelly but do no damage.
Your hands burn!
The jelly is severely wounded.
You block the jelly's attack.
You hit the jelly but do no damage.
Your hands burn!
The jelly is severely wounded.
The jelly hits you.
You are splashed with acid!
The acid burns!
* * * LOW HITPOINT WARNING * * *
You barely miss the jelly.
The jelly is severely wounded.
The jelly closely misses you.
You hit the jelly but do no damage.
Your hands burn!
* * * LOW HITPOINT WARNING * * *
The jelly is severely wounded.
The jelly hits you.
* * * LOW HITPOINT WARNING * * *
You are splashed with acid!
The acid burns!
You die...
Your body crumbles into a pile of gold.

.........$ ..
#.....(...#.##.#
#..............#
#.........##.#.#
#..........#.#.# .#
#......(.......# ..
#..........#...###.#
#................#.####
#$....J@...##..#.#.....
##########.#..<...#
#.#......# #.###....###
#..........#
######...#.# ##>.#.###
##.#.#.. #.#.#.#


You could see a jelly.

Vanquished Creatures
  Sigmund (D:4)
  Menkaure (D:5)
  An orc warrior (D:4)
  An ice beast (D:5)
  3 phantoms
  6 big kobolds (D:4)
  A scorpion (D:4)
  A howler monkey (D:5)
  A crimson imp (D:5)
  Crazy Yiuf (D:5)
  4 hounds
  A centaur skeleton (D:4)
  2 orc priests
  Jessica (D:2)
  4 orc wizards
  2 worker ants (D:4)
  A hound zombie (D:5)
  A hound skeleton (D:4)
  A howler monkey zombie (D:6)
  Robin (D:2)
  13 gnolls
  6 adders
  2 shadow imps (D:5)
  3 oozes
  An adder skeleton (D:4)
  4 worms
  5 dart slugs
  8 leopard geckos
  13 orcs
  12 bats
  A giant cockroach (D:4)
  35 goblins
  19 hobgoblins
  4 jackals (D:5)
  8 kobolds
  3 quokkas
  3 ball pythons (D:3)
  6 frilled lizards
  2 jackal skeletons (D:4)
  9 rats
  A fungus (D:5)
193 creatures vanquished.

Vanquished Creatures (others)
  A goblin (D:4)
  A hobgoblin (D:4)
2 creatures vanquished.

Grand Total: 195 creatures vanquished

Notes
Turn   | Place    | Note
-------+----------+-------------------------------------------
     0 | D:1      | Chiseanne the Barachian Wanderer began the quest for the Orb.
     0 | D:1      | Chiseanne set off with: a +2 leather armour, a potion of curing, a wand of random effects (15/48), a +0 club, a bread ration
     0 | D:1      | Reached XP level 1. HP: 15/15 MP: 1/1
    72 | D:1      | Reached XP level 2. HP: 14/21 MP: 2/2
   652 | D:1      | Reached XP level 3. HP: 21/27 MP: 3/3
   873 | D:2      | Noticed Jessica
   883 | D:2      | Killed Jessica
   952 | D:2      | Reached skill level 1 in Short Blades
   952 | D:2      | Reached XP level 4. HP: 34/34 MP: 4/4
  1039 | D:2      | Noticed Robin
  1065 | D:2      | Killed Robin
  1873 | D:3      | Reached XP level 5. HP: 13/41 MP: 5/5
  1876 | D:3      | HP: 2/41 [gnoll/flail (12)]
  2687 | D:4      | Noticed Sigmund
  2693 | D:4      | Killed Sigmund
  2693 | D:4      | Reached XP level 6. HP: 32/49 MP: 6/6
  2856 | D:4      | Noticed a phantom
  2908 | D:4      | Killed a phantom
  2908 | D:4      | Reached XP level 7. HP: 22/55 MP: 7/7
  3106 | D:4      | Found a basalt altar of Yredelemnul.
  3123 | D:4      | Found Lotrehom's Food Shop.
  3165 | D:4      | Found Dohinom's Weapon Shoppe.
  3289 | D:4      | Reached skill level 5 in Fighting
  3328 | D:4      | Found Vennamn's Antique Armour Shoppe.
  3337 | D:4      | Reached skill level 5 in Dodging
  3991 | D:4      | Reached XP level 8. HP: 26/63 MP: 8/8
  4553 | D:4      | Reached skill level 5 in Shields
  4948 | D:4      | Found Laodd's General Store.
  4959 | D:4      | Bought a scroll of identify for 20 gold pieces
  5502 | D:5      | Entered Level 5 of the Dungeon
  5511 | D:5      | Found a basalt altar of Yredelemnul.
  5522 | D:5      | Noticed Menkaure
  5536 | D:5      | Killed Menkaure
  5536 | D:5      | Reached XP level 9. HP: 17/72 MP: 9/9
  5840 | D:5      | Found a hide-covered altar of Uskayaw.
  6281 | D:5      | Found a runed door.
  6285 | D:5      | Noticed Crazy Yiuf
  6296 | D:5      | Killed Crazy Yiuf
  6370 | D:5      | Found a staircase to the Ecumenical Temple.
  6403 | D:5      | Found a glowing golden altar of the Shining One.
  6424 | Temple   | Entered the Ecumenical Temple
  6474 | Temple   | Became a worshipper of Gozag Ym Sagoz the Greedy
  6910 | D:6      | Splashed by a jelly's acid

Vault maps used:
D:1:      scummos_arrival_simple_fountains
D:2:      uniq_robin, uniq_jessica
D:4:      minmay_goblin_kobold_castle, lemuel_round_altar, serial_shops, shop,
          shop, nicolae_shop_stone, nicolae_shop_overgrown_old_shop,
          guppyfry_early_orc_mine, uniq_sigmund
D:5:      kennysheep_little_box, lemuel_round_altar,
          minmay_temple_entry_enclosed_plants, first_bread,
          yredelemnul_altar_generic, uniq_crazy_yiuf_cottage, uniq_menkaure
D:6:      uniq_edmund
Temple:   regret_index_temple_mists

Skill      XL: |  1  2  3  4  5  6  7  8  9 |
---------------+----------------------------+-----
Fighting       | 2 3 4 5 7 |  7.8
Dodging        | 3 4 5 6 7 |  7.2
Short Blades   | 1 2 |  2.4
Shields        | 2 4 5 6 |  6.2
Staves         | |  1.0
Armour         | |  3.2
Stealth        | |  1.0
Evocations     | |  1.0

Action                   |  1- 3 |  4- 6 |  7- 9 || total
-------------------------+-------+-------+-------++-------
Melee: Club              |    23 |       |       ||    23
       Spear             |    63 |       |       ||    63
       Dagger            |    13 |   166 |   487 ||   666
Throw: Stone             |       |     2 |       ||     2
 Abil: Hop               |       |       |     1 ||     1
  Use: Scroll            |     7 |     4 |     5 ||    16
       Potion            |       |     3 |     3 ||     6
 Stab: Sleeping          |     3 |     1 |     1 ||     5
  Eat: Chunk             |       |     7 |    13 ||    20
       Royal jelly       |       |       |     3 ||     3
       Fruit             |       |       |     2 ||     2
Armor: Leather armour    |    41 |    55 |    89 ||   185
Dodge: Dodged            |    67 |   115 |   167 ||   349
Block: Shield            |       |    12 |   250 ||   262
       Reflection        |       |       |    10 ||    10
